 Dungeon Crawl Stone Soup version 0.23.2-1-ga50397a (webtiles) character file.

Game seed: 10277917163946655528

222 diana the Twirler (level 5, -1/41 HPs)
             Began as a Demonspawn Gladiator on May 21, 2019.
             Slain by Purgy (7 damage)
             ... in a sewer.
             The game lasted 00:03:08 (2400 turns).

diana the Twirler (Demonspawn Gladiator)            Turns: 2400, Time: 00:03:09

Health: -1/41      AC:  3    Str: 15    XL:     5   Next: 66%
Magic:  0/5        EV: 13    Int: 10    God:
Gold:   173        SH:  0    Dex: 14    Spells: 4/4 levels left

rFire    + . .     SeeInvis .   a - +0 quarterstaff
rCold    . . .     Gourm    .   (shield currently unavailable)
rNeg     . . .     Faith    .   b - +0 leather armour
rPois    .         Spirit   +   (helmet restricted)
rElec    .         Reflect  .   (no cloak)
rCorr    .         Harm     .   (no gloves)
MR       .....                  (no boots)
Stlth    +.........             (no amulet)
HPRegen  0.13/turn              (no ring)
MPRegen  0.09/turn              (no ring)

@: no status effects
A: horns 1, fire resistance 1, magic shield
a: no special abilities


You were in a sewer.
You were hungry.

You visited 1 branch of the dungeon, and saw 3 of its levels.
You also visited: Sewer.

You collected 173 gold pieces.

Inventory:

Hand Weapons
 a - a +0 quarterstaff (weapon)
Missiles
 d - 2 throwing nets (quivered)
Armour
 b - a +0 leather armour (worn)
 c - a +0 helmet
Wands
 i - a wand of polymorph (2)
 m - a wand of iceblast (10)
Scrolls
 e - 2 scrolls of blinking
 g - 4 scrolls of remove curse
 h - 4 scrolls of identify {unknown}
 j - a scroll of random uselessness {unknown}
 k - 2 scrolls of fog
 l - a scroll of enchant armour {unknown}
 q - a scroll of fear {unknown}
Potions
 n - 2 potions of might {unknown}
 o - 2 potions of curing
 p - a potion of magic {unknown}
 r - 2 potions of heal wounds
Comestibles
 f - 7 rations


   Skills:
 + Level 3.1 Fighting
 * Level 4.2 Staves
 - Level 1.7 Throwing
 + Level 2.0 Armour
 + Level 3.5 Dodging


You had 4 spell levels left.
You didn't know any spells.
Your spell library was empty.

Dungeon Overview and Level Annotations

Branches:
Dungeon (3/15)

Altars:

Annotations:
Sewer Purgy


Innate Abilities, Weirdness & Mutations

You have a pair of small horns on your head.
Your flesh is heat resistant. (rF+)
When hurt, damage is shared between your health and your magic reserves.


Message History

Purgy bites you. Purgy completely misses you. x2
You sock Purgy!
Purgy is almost dead.
Purgy bites you.
* * * LOW HITPOINT WARNING * * *
Purgy closely misses you. Purgy claws you.
* * * LOW HITPOINT WARNING * * *
You barely miss Purgy. You headbutt Purgy.
Purgy is almost dead.
Purgy closely misses you. Purgy claws you.
* * * LOW HITPOINT WARNING * * *
Purgy closely misses you.
Unknown command.
Throwing (i - inventory)
d - 3 throwing nets (quivered)
Press: ? - help, Shift-Dir - straight line, f - Purgy
Aim: Purgy (almost dead)
You throw a throwing net. The throwing net barely misses Purgy.
You hear a splash.
Purgy bites you!
You die...

≈≈≈≈##≈≈#≈#≈≈≈≈#
####≈≈≈≈≈≈≈≈≈≈≈≈≈≈≈≈≈
#≈≈≈≈≈≈≈≈≈≈≈≈≈≈≈≈≈≈≈##
#≈≈≈≈≈≈≈≈≈≈≈≈≈≈≈≈≈≈≈≈#
###≈≈≈≈≈≈≈≈≈≈≈≈≈≈≈≈≈≈≈≈≈
##≈≈≈≈≈≈≈≈≈≈≈≈≈≈≈≈≈≈≈≈≈≈≈
#≈≈≈≈≈≈≈≈≈≈≈≈≈≈≈≈≈≈≈≈≈≈≈≈
#≈≈≈≈≈≈≈≈≈≈≈≈≈≈≈.≈≈≈≈≈≈≈≈
≈≈≈≈≈≈≈≈@≈.≈≈..##≈≈≈≈≈≈≈≈
≈≈≈≈≈≈≈T##.#.####..≈≈≈≈≈≈
≈≈≈≈≈≈.#####≈# ##.#≈≈≈≈≈
≈≈≈≈≈≈≈ #.# ##.≈≈≈≈≈
≈≈≈≈≈≈# #.# ##≈≈≈≈≈
≈≈≈≈≈≈ #≈# ##.≈≈≈ ≈≈≈≈≈#
#≈# ##≈≈≈ ≈≈≈≈. ##≈##
#.≈≈ ≈≈≈≈. #.≈.# #.≈≈


You could see Purgy.

Vanquished Creatures
  A bullfrog (D:1)
  3 orc wizards (D:2)
  3 adders
  A dart slug (D:1)
  5 leopard geckos
  An orc (D:2)
  3 bats
  4 giant cockroaches
  7 goblins
  5 hobgoblins
  A quokka (D:2)
  2 ball pythons (Sewer)
  3 frilled lizards
  A jackal skeleton (D:3)
  5 kobolds
  4 rats
49 creatures vanquished.

Notes
Turn   | Place    | Note
-------+----------+-------------------------------------------
     0 | D:1      | diana the Demonspawn Gladiator began the quest for the Orb.
     0 | D:1      | Reached XP level 1. HP: 16/16 MP: 1/1
   133 | D:1      | Gained mutation: You have a pair of small horns on your
                  | head. [demonic ancestry]
   133 | D:1      | Reached XP level 2. HP: 21/22 MP: 2/2
   139 | D:1      | Reached skill level 3 in Staves
   530 | D:2      | Gained mutation: When hurt, damage is shared between your
                  | health and your magic reserves. [demonic ancestry]
   530 | D:2      | Reached XP level 3. HP: 14/28 MP: 3/3
   925 | D:2      | Reached skill level 1 in Armour
  1129 | D:2      | Reached XP level 4. HP: 34/34 MP: 4/4
  1240 | D:2      | Noticed a bullfrog
  1275 | D:1      | Killed a bullfrog
  1488 | D:2      | Reached skill level 4 in Staves
  1488 | D:2      | Gained mutation: Your flesh is heat resistant. (rF+)
                  | [demonic ancestry]
  1488 | D:2      | Reached XP level 5. HP: 35/40 MP: 5/5
  2153 | D:3      | Found a glowing drain.
  2172 | Sewer    | Entered a sewer
  2298 | Sewer    | Noticed Purgy
  2400 | Sewer    | Slain by Purgy

Skill      XL: |  1  2  3  4  5 |
---------------+----------------+-----
Staves         | 3 4 |  4.2
Dodging        | 3 |  3.5
Armour         | 1 2 |  2.0
Fighting       | 3 |  3.1
Throwing       | |  1.7

Action                   |  1- 3 |  4- 6 || total
-------------------------+-------+-------++-------
Melee: Quarterstaff      |    72 |    82 ||   154
       Headbutt          |     8 |    14 ||    22
       Unarmed           |       |     1 ||     1
Throw: Throwing net      |       |     1 ||     1
  Use: Potion            |       |     3 ||     3
       Scroll            |       |     3 ||     3
  Eat: Chunk             |       |     4 ||     4
Armor: Leather armour    |    15 |    23 ||    38
Dodge: Dodged            |    54 |    80 ||   134
